 Dungeon Crawl Stone Soup version 0.22.0-49-gab54619 (webtiles) character file.

70 Marcoleric the Sneak (level 4, -12/29 HPs)
             Began as an Octopode Assassin on Sept 6, 2018.
             Killed from afar by a goblin (16 damage)
             ... with an exploding inner flame
             ... led by Robin
             ... hexed by the player character
             ... on level 3 of the Dungeon.
             The game lasted 00:06:26 (1301 turns).

Marcoleric the Sneak (Octopode Assassin)            Turns: 1301, Time: 00:06:27

Health: -12/29     AC:  1    Str: 10    XL:     4   Next: 22%
Magic:  4/4        EV: 18    Int: 13    God:
Gold:   140        SH:  0    Dex: 19    Spells: 3/3 levels left

rFire    . . .     SeeInvis .   a - +2 dagger
rCold    . . .     Gourm    .   (no shield)
rNeg     . . .     Faith    .   (helmet restricted)
rPois    .         Spirit   .   (no amulet)
rElec    .         Reflect  .   (no ring)
rCorr    .         Harm     .   (no ring)
MR       .....                  (no ring)
Stlth    ++++++....             (no ring)
HPRegen  0.09/turn              (no ring)
MPRegen  0.09/turn              (no ring)
                                (no ring)
                                (no ring)

@: agile
A: almost no armour, stealthy swim, amphibious, 8 rings, constrict 8, camouflage
1, gelatinous body 1
a: no special abilities


You were on level 3 of the Dungeon.
You were not hungry.

You visited 1 branch of the dungeon, and saw 3 of its levels.

You collected 140 gold pieces.

Inventory:

Hand Weapons
 a - a +2 dagger (weapon)
 b - a +0 blowgun
Missiles
 c - 19 poisoned needles
 d - 2 curare-tipped needles
Potions
 e - a potion of agility
 h - a potion of flight
Comestibles
 f - 4 rations


   Skills:
 + Level 2.0 Fighting
 + Level 2.5 Short Blades
 + Level 2.0 Throwing
 + Level 1.1 Dodging
 * Level 7.3 Stealth


You had 3 spell levels left.
You didn't know any spells.
Your spell library was empty.

Dungeon Overview and Level Annotations

Branches:
Dungeon (3/15)

Altars:

Annotations:
D:3 Robin


Innate Abilities, Weirdness & Mutations

You cannot wear most types of armour.
You are very stealthy in the water. (Stealth+)
You are amphibious.
You can wear up to eight rings at the same time.
You can use your tentacles to constrict eight enemies at once.
Your skin changes colour to match your surroundings (Stealth+).
Your rubbery body absorbs attacks. (AC +1, EV +1)


Message History

Really attack while wielding your +0 blowgun?
Okay, then.
Really attack while wielding your +0 blowgun? [Y]es or [N]o only, please.
Really attack while wielding your +0 blowgun? [Y]es or [N]o only, please.
Really attack while wielding your +0 blowgun? [Y]es or [N]o only, please.
Really attack while wielding your +0 blowgun?
Okay, then.
Wield which item (- for none, * to show all)? (? for menu, Esc to quit)
a - a +2 dagger (weapon)
The goblin completely misses you.
Robin says, "Duck!"
Sorry, you're not good enough to have a special ability.
You hit the goblin.
The goblin explodes!
The fiery explosion engulfs you!
Ouch! That really hurt!
You die...

[)(..##†...#.######
.######.####.# # .#
#.# #.# ##.# .# #.#
#.# ... .#
#.####.##.#### .#
#............# .#
#............. # .#
#.####'########gg..
.#
#.#.....§§@ggggggg#
.#
#.#.....§########.#
.# #.#......# .#
#.#......# ##
#.#......#
#######.#......#
........########
#########


You could see Robin (inner flame), 4 hobgoblins and 4 goblins.

Vanquished Creatures
  Jessica (D:3)
  An adder (D:3)
  An ooze (D:1)
  2 giant cockroaches
  3 hobgoblins
  A quokka (D:3)
  2 ball pythons
  8 bats
  6 goblins
  3 kobolds
  4 rats
32 creatures vanquished.

Notes
Turn   | Place    | Note
-------+----------+-------------------------------------------
     0 | D:1      | Marcoleric the Octopode Assassin began the quest for the
                  | Orb.
     0 | D:1      | Reached XP level 1. HP: 14/14 MP: 1/1
   195 | D:1      | Reached XP level 2. HP: 13/19 MP: 2/2
   222 | D:1      | Reached skill level 6 in Stealth
   668 | D:2      | Reached XP level 3. HP: 24/24 MP: 3/3
  1181 | D:3      | Noticed Jessica
  1201 | D:3      | Killed Jessica
  1201 | D:3      | Reached skill level 7 in Stealth
  1201 | D:3      | Reached XP level 4. HP: 25/29 MP: 4/4
  1285 | D:3      | Noticed Robin
  1301 | D:3      | Killed from afar by a goblin

Skill      XL: |  1  2  3 |
---------------+----------+-----
Stealth        | 6 7 |  7.3
Fighting       | |  2.0
Short Blades   | |  2.5
Throwing       | |  2.0
Dodging        | |  1.1

Action                   |  1- 3 |  4- 6 || total
-------------------------+-------+-------++-------
Melee: Dagger            |    45 |     8 ||    53
       Constrict         |     6 |     2 ||     8
       Tentacles         |     3 |     1 ||     4
 Fire: Blowgun           |     6 |     4 ||    10
  Use: Scroll            |     5 |     1 ||     6
       Potion            |     3 |     1 ||     4
 Stab: Sleeping          |    15 |     1 ||    16
  Eat: Ration            |       |     1 ||     1
Armor: Skin              |     5 |     3 ||     8
Dodge: Dodged            |    33 |    19 ||    52
